 Dungeon Crawl Stone Soup version 0.25-a0-310-g60f0ac2d9a (webtiles) character file.

Game seed: 17221342429111836373, levelgen mode: classic

289 Borgoz the Cudgeler (level 6, -1/38 HPs)
             Began as a Gargoyle Gladiator on Dec 23, 2019.
             Was an Initiate of Okawaru.
             Slain by a gnoll
             ... wielding a +0 halberd
              (6 damage)
             ... on level 3 of the Dungeon.
             The game lasted 00:03:13 (2648 turns).

Borgoz the Cudgeler (Gargoyle Gladiator)            Turns: 2648, Time: 00:03:14

Health: -1/38      AC: 15    Str: 17    XL:     6   Next: 31%
Magic:  6/6        EV: 13    Int:  9    God:    Okawaru [......]
Gold:   119        SH:  0    Dex: 20    Spells: 5/5 levels left

rFire    . . .     SeeInvis .   a - +0 flail
rCold    . . .     Gourm    .   (no shield)
rNeg     + . .     Faith    .   s - +3 ring mail
rPois    ∞         Spirit   .   c - +0 helmet
rElec    +         Reflect  .   (no cloak)
rCorr    .         Harm     .   (no gloves)
MR       .....                  e - +0 pair of boots
Stlth    +.........             (no amulet)
HPRegen  0.12/turn              k - +3 ring of dexterity
MPRegen  0.10/turn              o - +4 ring of dexterity

@: no status effects
A: negative energy resistance 1, electricity resistance, unbreathing,
petrification resistance, rot immunity, AC +4
a: Renounce Religion


You were on level 3 of the Dungeon.
You worshipped Okawaru.
Okawaru was noncommittal.
You were not hungry.

You visited 1 branch of the dungeon, and saw 3 of its levels.

You collected 119 gold pieces.

Inventory:

Hand Weapons
 a - a +0 flail (weapon)
Missiles
 d - 3 throwing nets (quivered)
Armour
 c - a +0 helmet (worn)
 e - a +0 pair of boots (worn)
 s - a +3 ring mail (worn)
Jewellery
 k - a +3 ring of dexterity (left hand)
 o - a +4 ring of dexterity (right hand)
Wands
 r - a wand of flame (12)
Scrolls
 h - 5 scrolls of identify {unknown}
 l - a scroll of magic mapping {unknown}
 m - a scroll of fear {unknown}
 p - a scroll of blinking {unknown}
 t - a scroll of fog {unknown}
 v - 2 scrolls of amnesia {unknown}
Potions
 g - a potion of flight {unknown}
 i - 2 potions of lignification {unknown}
 j - a potion of haste {unknown}
 n - 2 potions of curing {unknown}
 q - a potion of degeneration {unknown}
 u - a potion of heal wounds {unknown}
Comestibles
 b - 3 chunks of flesh
 f - 4 rations


   Skills:
 + Level 3.9 Fighting
 + Level 4.2 Maces & Flails
 - Level 1.7 Throwing
 + Level 3.0 Armour
 + Level 3.5 Dodging


You had 5 spell levels left.
You didn't know any spells.
Your spell library was empty.

Dungeon Overview and Level Annotations

Branches:
Dungeon (3/15)

Altars:
Ashenzari
Okawaru


Innate Abilities, Weirdness & Mutations

You are resistant to torment.
Your stone body is resilient. (AC +4)
You are immune to poison.
You resist negative energy. (rN+)
You are resistant to electric shocks. (rElec)
You can survive without breathing.
You are immune to petrification.
You are immune to rotting.


Message History

The gnoll is heavily wounded.
The gnoll hits you with a +0 halberd.
* * * LOW HITPOINT WARNING * * *
You hit the gnoll.
The gnoll is almost dead.
The gnoll misses you.
You closely miss the gnoll.
The gnoll is almost dead.
The gnoll closely misses you.
You barely miss the gnoll.
The gnoll is almost dead.
The gnoll hits you with a +0 halberd.
* * * LOW HITPOINT WARNING * * *
You hit the gnoll.
The gnoll is almost dead.
The gnoll barely misses you.
You closely miss the gnoll.
The gnoll is almost dead.
The gnoll hits you with a +0 halberd.
You die...

#.# #..)..# #.# #...# ###.#
##..# #...##########..#
#.#........>....#
#............#..# #######
#..####.####)#..# #...[.#
#..##.....##.#..# #.....#
#..#.......#@#..#######...<..
##.#......)#.g..............#
#(..)._.))(.#.########.....#
#.#.....))#...# #######
#.#.......#...#
#.##....)##.#.#
#.####.####.#.#
#...........#.#
######....###.##


You could see a gnoll.

Vanquished Creatures
  Ijyb (D:3)
  2 orc wizards (D:3)
  6 gnolls
  7 adders
  2 worms
  4 dart slugs
  3 leopard geckos
  5 orcs (D:3)
  4 bats
  4 giant cockroaches
  7 goblins
  9 hobgoblins
  2 jackals (D:2)
  A quokka (D:2)
  2 frilled lizards
  12 kobolds
  8 rats
79 creatures vanquished.

Notes
Turn   | Place    | Note
-------+----------+-------------------------------------------
     0 | D:1      | Borgoz the Gargoyle Gladiator began the quest for the Orb.
     0 | D:1      | Reached XP level 1. HP: 12/12 MP: 1/1
   237 | D:1      | Reached XP level 2. HP: 15/18 MP: 2/2
   298 | D:1      | Reached skill level 1 in Armour
   838 | D:1      | Reached XP level 3. HP: 22/22 MP: 3/3
  1026 | D:2      | Reached XP level 4. HP: 27/27 MP: 4/4
  1207 | D:2      | Found an iron altar of Okawaru.
  1363 | D:2      | Became a worshipper of Warmaster Okawaru
  1518 | D:1      | Reached XP level 5. HP: 14/32 MP: 5/5
  1964 | D:3      | Noticed Ijyb
  1978 | D:3      | Killed Ijyb
  1978 | D:3      | Reached skill level 4 in Maces & Flails
  2145 | D:3      | Found a shattered altar of Ashenzari.
  2169 | D:3      | Reached XP level 6. HP: 28/38 MP: 6/6
  2648 | D:3      | Slain by a gnoll

Levels and vault maps discovered:
D:1:      eino_arrival_cavern_e, layout_basic
D:2:      layout_rooms, old_standard_altar, minmay_misc_feat_secret_circle
D:3:      layout_loops_ring, old_standard_altar, uniq_ijyb

Skill      XL: |  1  2  3  4  5  6 |
---------------+-------------------+-----
Armour         | 1 2 3 |  3.0
Fighting       | 3 |  3.9
Dodging        | 3 |  3.5
Maces & Flails | 4 |  4.2
Throwing       | |  1.7

Action                   |  1- 3 |  4- 6 || total
-------------------------+-------+-------++-------
Melee: Flail             |    97 |   212 ||   309
Evoke: Wand              |       |     2 ||     2
  Eat: Chunk             |     1 |     5 ||     6
Armor: Leather armour    |    24 |       ||    24
       Ring mail         |    59 |   123 ||   182
Dodge: Dodged            |    98 |   218 ||   316

Table legend:
 A = Non-vault XP
 B = Vault XP
 C = Vault XP percentage of total XP
 D = Non-vault monster count
 E = Vault monster count
 F = Vault count percentage of total count
                 A         B        C        D         E       F
            +---------+---------+-------+---------+---------+-------
      Total |     378 |      36 |   8.7 |      78 |       1 |   1.3
            +---------+---------+-------+---------+---------+-------
        D:1 |      54 |       0 |   0.0 |      21 |       0 |   0.0
        D:2 |     151 |       0 |   0.0 |      30 |       0 |   0.0
        D:3 |     173 |      36 |  17.2 |      27 |       1 |   3.6
            +---------+---------+-------+---------+---------+-------
